 Dungeon Crawl Stone Soup version 0.29-a0-919-gd064cfad1c (webtiles) character file.

Game seed: 17672828190663375825

58 Hubjo the Insei (level 3, -1/27 HPs)
             Began as a Demonspawn Transmuter on July 26, 2022.
             Was a Believer of Kikubaaqudgha.
             Slain by a hobgoblin (3 damage)
             ... on level 2 of the Dungeon.
             The game lasted 00:01:56 (1925 turns).

Hubjo the Insei (Demonspawn Transmuter)             Turns: 1925, Time: 00:01:57

Health: -1/27      AC:  2    Str: 10    XL:     3   Next: 75%
Magic:  6/6        EV: 12    Int: 16    God:    Kikubaaqudgha [**....]
Gold:   54         SH:  0    Dex: 13    Spells: 5/6 levels left

rFire   . . .      SeeInvis +     - Unarmed
rCold   . . .      Faith    .   (no shield)
rNeg    . . .      Spirit   .   a - +0 robe
rPois   .          Reflect  .   (helmet currently unavailable)
rElec   .          Harm     .   (no cloak)
rCorr   .          Rampage  .   (no gloves)
Will    .....                   (boots currently unavailable)
Stlth   +.........              (no amulet)
HPRegen 0.09/turn               g - ring of see invisible
MPRegen 0.20/turn               (no ring)

@: appendages
A: horns 2, talons 2, magic regeneration
a: End Transformation, Renounce Religion, Unearth Wretches


You were on level 2 of the Dungeon.
You worshipped Kikubaaqudgha.
Kikubaaqudgha was pleased with you.
You had temporarily grown beastly horns and talons.
You visited 1 branch of the dungeon, and saw 2 of its levels.

You collected 54 gold pieces.

Inventory:

Armour
 a - a +0 robe (worn)
Jewellery
 g - a ring of see invisible (left hand)
Scrolls
 e - a scroll of enchant weapon {unknown}
 f - 2 scrolls of magic mapping {unknown}
 h - a scroll of blinking {unknown}
 j - a scroll of identify {unknown}
 l - a scroll of teleportation {unknown}
Potions
 b - a potion of lignification
 c - 3 potions of flight {unknown}
 d - 2 potions of might {unknown}
 i - a potion of invisibility {unknown}
 k - a potion of berserk rage {unknown}


   Skills:
 + Level 2.1 Fighting
 - Level 1.8 Dodging
 + Level 3.0 Unarmed Combat
 + Level 2.3 Spellcasting
 + Level 1.0 Necromancy
 * Level 2.3 Transmutations


You had 5 spell levels left.
You knew the following spells:

 Your Spells              Type           Power      Damage    Failure   Level
a - Beastly Appendage     Tmut           18%        N/A       8%          1

Your spell library contained the following spells:

 Spells                   Type           Power      Damage    Failure   Level
 Wereblood                Tmut           9%         N/A       12%         2
 Necrotise                Necr           20%        1d5       13%         1
 Sublimation of Blood     Necr           5%         N/A       19%         2
 Spider Form              Tmut/Pois      5%         N/A       36%         3
 Vampiric Draining        Necr           5%         2d6       36%         3
 Ice Form                 Ice/Tmut       5%         N/A       77%         4
 Anguish                  Hex/Necr       1%         N/A       85%         4


Dungeon Overview and Level Annotations

Branches:
Dungeon (2/15)

Altars:
Kikubaaqudgha


Innate Abilities, Weirdness & Mutations

You have temporarily grown beastly horns and talons.
You regenerate magic rapidly.


Message History

You closely miss the hobgoblin.
The hobgoblin is moderately wounded.
The hobgoblin hits you.
You barely miss the hobgoblin.
The hobgoblin is moderately wounded.
The hobgoblin misses you.
You hit the hobgoblin but do no damage.
The hobgoblin is moderately wounded.
The hobgoblin closely misses you.
You hit the hobgoblin.
The hobgoblin is heavily wounded.
The hobgoblin hits you.
You hit the hobgoblin.
The hobgoblin is severely wounded.
The hobgoblin barely misses you.
Casting: Beastly Appendage (safe; 8% risk of failure)
Confirm with . or Enter, or press ? or * to list all spells.
You grow a pair of large bovine horns.
Your feet morph into talons.
The hobgoblin hits you.
You barely miss the hobgoblin.
The hobgoblin is severely wounded.
The hobgoblin closely misses you.
You hit the hobgoblin.
You kill the hobgoblin!
Kikubaaqudgha accepts your kill.
You hit the hobgoblin but do no damage. The hobgoblin barely misses you.
You hit the hobgoblin but do no damage. Your kick misses the hobgoblin.
The hobgoblin barely misses you.
You completely miss the hobgoblin. The hobgoblin hits you.
* * * LOW HITPOINT WARNING * * *
You hit the hobgoblin. Your kick misses the hobgoblin.
Your headbutt misses the hobgoblin. Your punch misses the hobgoblin.
The hobgoblin is moderately wounded.
The hobgoblin hits you.
* * * LOW HITPOINT WARNING * * *
You hit the hobgoblin. Your kick misses the hobgoblin.
The hobgoblin is heavily wounded.
The hobgoblin hits you.
You die...
Kikubaaqudgha rasps: "You have failed me!
Welcome... death!"

#......# #..#
######.########
#......# ##..#
#...##.# #
######## .....
###.##.#### #
....
###...†.).#####
# #..#
#.....###..#...
#$##..##.#.#####
##.....
#...†....#.#
###... #''####.#
#... #..g@...#
#### #########


You could see a hobgoblin.

Vanquished Creatures
  An adder (D:2)
  A worm (D:2)
  6 ball pythons
  An endoplasm (D:1)
  A giant cockroach (D:1)
  5 goblins
  6 hobgoblins
  2 jackals (D:1)
  2 kobolds
  4 quokkas
  4 bats
  5 frilled lizards
  3 rats
41 creatures vanquished.

Notes
Turn   | Place    | Note
-------+----------+-------------------------------------------
     0 | D:1      | Hubjo the Demonspawn Transmuter began the quest for the
                  | Orb.
     0 | D:1      | Reached XP level 1. HP: 15/15 MP: 3/3
    83 | D:1      | Found a faded altar of an unknown god.
   107 | D:1      | Prayed at the altar of an unknown god.
   107 | D:1      | Became a worshipper of Kikubaaqudgha
   107 | D:1      | Reached * piety under Kikubaaqudgha
   107 | D:1      | Received a gift from Kikubaaqudgha
   133 | D:1      | Gained mutation: You regenerate magic rapidly. [demonic
                  | ancestry]
   133 | D:1      | Reached XP level 2. HP: 14/21 MP: 3/5
  1125 | D:2      | Reached XP level 3. HP: 11/27 MP: 6/6
  1379 | D:2      | Reached skill level 3 in Unarmed Combat
  1589 | D:2      | Reached ** piety under Kikubaaqudgha
  1596 | D:2      | Reached skill level 1 in Necromancy
  1925 | D:2      | Slain by a hobgoblin

Illustrated notes

Levels and vault maps discovered:
D:1:      dpeg_arrival_stonehenge_8_columns, layout_basic,
          hellmonk_ecumenical_altar_run_dry
D:2:      layout_rooms, kennysheep_generic_room_5

Skill      XL: |  1  2  3 |
---------------+----------+-----
Transmutations | 2 |  2.3
Unarmed Combat | 3 |  3.0
Fighting       | 2 |  2.1
Necromancy     | 1 |  1.0
Dodging        | |  1.8
Spellcasting   | |  2.3

Action                   || total
-------------------------++-------
Melee: Unarmed           ||   141
       Kick              ||    14
       Headbutt          ||    13
       Punch             ||     2
 Cast: Beastly Appendage ||    25
Armor: Robe              ||    39
Dodge: Dodged            ||   100

Table legend: (Time is in decaauts)
 A = Elapsed time spent in this place.
 B = Non-inter-level travel time spent in this place.
 C = Inter-level travel time spent in this place.
 D = Time resting spent in this place.
 E = Time spent auto-exploring this place.
 F = Levels seen in this place.
 G = Mean time per level.
                   A        B        C        D        E       F      G
               +--------+--------+--------+--------+--------+-----+--------+
         Total |   1916 |   1916 |      0 |      0 |   1604 |   2 |  958.0 |
       Dungeon |   1916 |   1916 |      0 |      0 |   1604 |   2 |  958.0 |
               +--------+--------+--------+--------+--------+-----+--------+

Top non-repeatable levels by time:
     D:1: 1090 daAuts
     D:2: 826 daAuts
